 Dungeon Crawl Stone Soup version 0.29.1-1-gd02db6906a (webtiles) character file.

Game seed: 14493802151559128790

4958 Zeld the Cleaver (level 10, -5/108 HPs)
             Began as a Minotaur Berserker on Oct 10, 2022.
             Was an Elder of Trog.
             Slain by a salamander
             ... wielding a +0 trident
              (14 damage)
             ... on level 2 of the Abyss.
             The game lasted 00:10:00 (9637 turns).

Zeld the Cleaver (Minotaur Berserker)               Turns: 9637, Time: 00:10:01

Health: -5/108     AC: 15    Str: 23    XL:     10   Next: 28%
Magic:  9/9        EV:  9    Int:  4    God:    Trog [****..]
Gold:   501        SH:  0    Dex:  9    Spells: 9/9 levels left

rFire   . . .      SeeInvis .   a - +0 battleaxe
rCold   . . .      Faith    .   (shield currently unavailable)
rNeg    . . .      Spirit   .   b - +0 plate armour
rPois   .          Reflect  .   (helmet restricted)
rElec   .          Harm     .   t - scarf {repulsion}
rCorr   .          Rampage  .   D - +0 pair of gloves
Will    .....                   (no boots)
Stlth   ..........              A - amulet of regeneration
HPRegen 1.08/turn               (no ring)
MPRegen 0.11/turn               (no ring)

@: berserking, lethally poisoned (-5 -> -5), repel missiles, very quick
A: horns 2, retaliatory headbutt, [frail 2], [screaming 2], [weak 2]
a: Renounce Religion, Berserk, Trog's Hand, Brothers in Arms


You were on level 2 of the Abyss.
You worshipped Trog.
Trog was greatly pleased with you.
You visited 2 branches of the dungeon, and saw 9 of its levels.
You visited the Abyss 1 time.
You also visited: Sewer.

You collected 501 gold pieces.

Inventory:

Hand Weapons
 a - a +0 battleaxe (weapon)
Missiles
 q - 7 poisoned darts
 C - 3 curare-tipped darts
Armour
 b - a +0 plate armour (worn)
 t - a scarf of repulsion (worn)
 D - a +0 pair of gloves (worn)
Jewellery
 m - a ring of protection from cold
 A - an amulet of regeneration (around neck)
Wands
 u - a wand of charming (12)
 L - a wand of iceblast (1)
Scrolls
 c - 6 scrolls of identify {unknown}
 d - 3 scrolls of immolation {unknown}
 g - 2 scrolls of magic mapping {unknown}
 i - a scroll of butterflies {unknown}
 j - 4 scrolls of poison {unknown}
 p - a scroll of fear {unknown}
 v - 3 scrolls of blinking {unknown}
 w - 4 scrolls of noise {unknown}
 x - a scroll of torment {unknown}
 y - a scroll of amnesia {unknown}
 z - a scroll of enchant weapon {unknown}
 H - a scroll of teleportation {unknown}
 I - 2 scrolls of vulnerability {unknown}
 J - 2 scrolls of enchant armour {unknown}
Potions
 e - 7 potions of curing
 f - 4 potions of magic {unknown}
 h - 3 potions of heal wounds {unknown}
 k - a potion of ambrosia {unknown}
 l - a potion of cancellation {unknown}
 n - 4 potions of mutation {unknown}
 o - 3 potions of degeneration {unknown}
 r - a potion of flight {unknown}
 s - a potion of resistance {unknown}
 B - a potion of lignification {unknown}
 E - 2 potions of haste {unknown}
 F - 3 potions of brilliance {unknown}
 G - 2 potions of invisibility {unknown}
 K - a potion of might {unknown}


   Skills:
 + Level 9.0 Fighting
 * Level 12.0 Axes
 + Level 8.5 Armour
 + Level 7.8 Dodging


You had 9 spell levels left.
You didn't know any spells.
Your spell library was empty.

Dungeon Overview and Level Annotations

Branches:
Dungeon (8/15)             Temple (1/1) D:5           Sewer (visited)
   Lair: D:8-11

Altars:
Ashenzari
Cheibriados
Dithmenos
Elyvilon
Gozag
Hepliaklqana
Makhleb
Nemelex Xobeh
Qazlal
Sif Muna
Trog
Uskayaw
Wu Jian
Yredelemnul
Zin
The Shining One

Annotations:
D:8 Psyche


Innate Abilities, Weirdness & Mutations

You have a pair of horns on your head.
You reflexively headbutt those who attack you in melee.
[You are very frail. (-20% HP)]
[You frequently scream uncontrollably at your foes.]
[You are very weak. (Str -4)]


Message History

Unknown command.
You hit the bone dragon.
The bone dragon is moderately damaged.
The bone dragon bites you.
* * * LOW HITPOINT WARNING * * *
The bone dragon claws you!
* * * LOW HITPOINT WARNING * * *
The bone dragon tramples you but does no damage.
You hit the bone dragon but do no damage.
You headbutt the bone dragon, but do no damage.
The bone dragon is moderately damaged.
You feel sick.
The salamander hits you but does no damage.
The bone dragon completely misses you. You furiously retaliate!
You headbutt the bone dragon, but do no damage.
The bone dragon closely misses you.
The bone dragon tramples you but does no damage.
You hit the bone dragon. You headbutt the bone dragon!
The bone dragon is moderately damaged.
You feel sick. The salamander barely misses you.
Unknown command.
You hit the bone dragon but do no damage.
The bone dragon is moderately damaged.
The bone dragon bites you.
* * * LOW HITPOINT WARNING * * *
The bone dragon claws you but does no damage.
The bone dragon tramples you but does no damage.
Unknown command.
You slash the bone dragon!
The bone dragon is heavily damaged.
You feel sick. The salamander closely misses you. The bone dragon bites you.
* * * LOW HITPOINT WARNING * * *
The bone dragon claws you.
* * * LOW HITPOINT WARNING * * *
The bone dragon barely misses you.
You slash the bone dragon! You headbutt the bone dragon!
The bone dragon is heavily damaged.
You feel sick.
The salamander hits you from afar with a +0 trident!
You die...

# # .##..##..##..##.
#..##
.##..##..##..##. .
... ............. ..
#.# ..... ....
....... .#. # #..##
.##..##..##.. #.# #
#..##..##..##. ## #
.............# ... .
# ..
.......D†..#..#....
..# #..#
..##....@.........
.. #.. #..
#.....~N....#. . . .
............~.......
. ........#.#~#.## #
..##........~... . #
. .. #.... ....~.. .
....#.... ... #
..... ###...# # #


You could see a bone dragon and a salamander.

Vanquished Creatures
  A guardian serpent (Abyss:2)
  Grinder (D:3)
  A hornet (D:8)
  2 yaks (D:8)
  Eustachio (D:5)
  2 water moccasins
  2 ice beasts
  A black bear (D:5)
  4 orc warriors
  2 ogres
  A centaur (D:7)
  5 phantoms
  2 kobold brigands
  A small abomination (Abyss:1)
  A necrophage (D:5)
  A bullfrog (D:8)
  3 gnoll sergeants
  3 scorpions
  5 wights (D:8)
  11 killer bees (D:8)
  2 howler monkeys
  A hound (D:3)
  2 orc priests
  A jelly (Abyss:1)
  Crazy Yiuf (D:5)
  A gnoll bouda (D:8)
  4 iguanas
  3 orc wizards (D:8)
  10 adders
  19 gnolls
  7 river rats
  A shadow imp (D:5)
  An ufetubus (D:4)
  2 worms
  5 dart slugs
  11 orcs
  5 endoplasms
  4 giant cockroaches
  9 goblins
  9 hobgoblins
  3 jackals (D:4)
  6 quokkas
  8 ball pythons
  3 bats
  4 frilled lizards
  24 kobolds
  27 rats
223 creatures vanquished.

Vanquished Creatures (others)
  A gnoll (D:7)
1 creature vanquished.

Grand Total: 224 creatures vanquished

Notes
Turn   | Place    | Note
-------+----------+-------------------------------------------
     0 | D:1      | Zeld the Minotaur Berserker began the quest for the Orb.
     0 | D:1      | Reached XP level 1. HP: 19/19 MP: 0/0
   334 | D:1      | Reached XP level 2. HP: 27/27 MP: 1/1
   430 | D:1      | Reached skill level 4 in Axes
   463 | D:1      | Reached ** piety under Trog
   640 | D:1      | Found a faded altar of an unknown god.
  1252 | D:1      | Reached XP level 3. HP: 33/33 MP: 2/2
  1492 | D:2      | HP: 1/33 [gnoll/+0 halberd (2)]
  1874 | D:2      | Reached XP level 4. HP: 24/40 MP: 3/3
  2263 | D:2      | Noticed an ogre
  2270 | D:2      | Killed an ogre
  2271 | D:2      | Reached skill level 5 in Axes
  2271 | D:2      | Reached XP level 5. HP: 47/47 MP: 4/4
  2875 | D:3      | Found a broken altar of Ashenzari.
  3006 | D:3      | Noticed Grinder
  3019 | D:3      | Paralysed by Grinder for 5 turns
  3025 | D:3      | Killed Grinder
  3026 | D:3      | Reached skill level 5 in Fighting
  3026 | D:3      | Reached skill level 6 in Axes
  3026 | D:3      | Reached XP level 6. HP: 32/56 MP: 5/5
  3369 | D:3      | Found a stormy altar of Qazlal.
  4097 | D:4      | Reached XP level 7. HP: 55/61 MP: 6/6
  4111 | D:4      | Reached skill level 7 in Axes
  4427 | D:4      | Reached skill level 5 in Armour
  4654 | D:4      | Found a snail-covered altar of Cheibriados.
  4678 | D:5      | Entered Level 5 of the Dungeon
  4777 | D:5      | Found a runed translucent door.
  4778 | D:5      | Noticed Crazy Yiuf
  4888 | D:5      | Reached skill level 8 in Axes
  4888 | D:5      | Reached skill level 5 in Dodging
  4888 | D:5      | Reached XP level 8. HP: 58/70 MP: 7/7
  4988 | D:5      | Noticed Eustachio
  5022 | D:5      | Killed Eustachio
  5084 | D:5      | You fall into a shaft and drop 2 floors!
  5364 | D:7      | Reached skill level 9 in Axes
  5566 | D:6      | Reached *** piety under Trog
  5788 | D:6      | Found a glowing drain.
  5795 | Sewer    | Entered a sewer
  6042 | Sewer    | Reached **** piety under Trog
  6617 | D:6      | Reached XP level 9. HP: 78/79 MP: 8/8
  6881 | D:5      | Found a staircase to the Ecumenical Temple.
  6919 | Temple   | Entered the Ecumenical Temple
  7258 | D:5      | Killed Crazy Yiuf
  7358 | D:6      | Reached skill level 10 in Axes
  8198 | D:7      | Found a hazy altar of Hepliaklqana.
  8200 | D:7      | Found a glowing silver altar of Zin.
  8786 | D:8      | Found a shimmering altar of Xom.
  8804 | D:8      | Reached skill level 11 in Axes
  8840 | D:8      | Found a shimmering altar of Xom.
  8847 | D:8      | Found a shimmering altar of Xom.
  8847 | D:8      | Found a shimmering altar of Xom.
  8847 | D:8      | Found a shimmering altar of Xom.
  8847 | D:8      | Found a shimmering altar of Xom.
  8864 | D:8      | Found a shimmering altar of Xom.
  8864 | D:8      | Found a shimmering altar of Xom.
  9089 | D:8      | Noticed a water nymph
  9090 | D:8      | Noticed a swamp dragon
  9101 | D:8      | Reached XP level 10. HP: 90/90 MP: 9/9
  9128 | D:8      | Found a basalt altar of Yredelemnul.
  9452 | D:8      | Noticed Psyche
  9466 | Abyss:1  | Cast into level 1 of the Abyss (Psyche)
  9564 | Abyss:1  | Noticed a great orb of eyes
  9573 | Abyss:1  | Noticed a wretched star
  9618 | Abyss:2  | Noticed a bone dragon
  9623 | Abyss:2  | Noticed a guardian serpent
  9625 | Abyss:2  | Noticed a salamander
  9630 | Abyss:2  | Killed a guardian serpent
  9631 | Abyss:2  | Reached skill level 12 in Axes
  9637 | Abyss:2  | Slain by a salamander

Illustrated notes

Levels and vault maps discovered:
D:1:      erik_arrival_cave_to_civilisation [erik_arrival_cave_to_hall],
          layout_basic, serial_glass, glass_columns_a, glass_columns_a,
          glass_columns_a, glass_columns_a, glass_columns_b, glass_columns_a,
          glass_columns_b, glass_columns_a, glass_columns_a, glass_columns_b,
          hellmonk_ecumenical_altar_run_dry, amcnicky_mini_rare_corridor_liquid,
          hangedman_decor_push, minmay_misc_feat_hallway, minmay_octomino_c4
D:2:      layout_loops_ring
D:3:      layout_basic, mainiacjoe_overflow_24_doors,
          mainiacjoe_overflow_six_doors_small, bh_walls_and_bars, uniq_grinder
D:4:      layout_basic, kennysheep_mini_moat
D:5:      layout_gridville, minmay_temple_entry_mini_moons, due_unseen_surprise,
          uniq_eustachio, uniq_crazy_yiuf_cottage
D:6:      layout_loops_ring, gup_sewer_entry_spiral, lightli_minifort
D:7:      layout_loops_ring, nicolae_overflow_hidden_temple
D:8:      layout_basic, xom_shifter_show, okawaru_humans,
          nicolae_overflow_crystal_walls, corexii_leaking_fountain,
          nicolae_shop_fire_sale [nicolae_sub_dead_trees],
          hangedman_abyss_or_decor_clamps, minivault_1,
          dreamdust_gnoll_shepherd, uniq_psyche
Temple:   zaba_magenta_temple
Abyss:2:  base: D:8, hangedman_summoners_spam

Skill      XL: |  1  2  3  4  5  6  7  8  9 10 |
---------------+-------------------------------+-----
Axes           | 4 5 6 8 9 11 12 | 12.0
Fighting       | 4 5 6 7 8 9 |  9.0
Armour         | 3 4 5 6 8 |  8.5
Dodging        | 3 4 5 6 7 |  7.8

Action                   |  1- 3 |  4- 6 |  7- 9 | 10-12 || total
-------------------------+-------+-------+-------+-------++-------
Melee: Hand axe          |    60 |    82 |    60 |       ||   202
       Headbutt          |    10 |    11 |   106 |    11 ||   138
       Punch             |       |     1 |     7 |       ||     8
       Dagger            |       |       |   457 |       ||   457
       Battleaxe         |       |       |     1 |    64 ||    65
Invok: Berserk           |     1 |     2 |     3 |     2 ||     8
       Trog's Hand       |       |       |     1 |       ||     1
 Stab: Sleeping          |     1 |       |       |       ||     1
Armor: Animal skin       |     5 |    13 |     4 |       ||    22
       Plate armour      |       |       |   385 |    52 ||   437
Dodge: Dodged            |    49 |    53 |   341 |    42 ||   485
       Repelled          |       |     1 |     2 |     3 ||     6
